 Dungeon Crawl Stone Soup version 0.25-a0-942-g87a53962fc (webtiles) character file.

Game seed: 13952211898927392694, levelgen mode: deterministic

4935 Flugslaktarn the Cleaver (level 10, -2/90 HPs)
             Began as a Minotaur Fighter on May 7, 2020.
             Was an Initiate of Gozag.
             Slain by a death yak (11 damage)
             ... on level 8 of the Dungeon.
             The game lasted 00:05:11 (8936 turns).

Flugslaktarn the Cleaver (Minotaur Fighter)         Turns: 8936, Time: 00:05:12

Health: -2/90      AC: 18    Str: 23    XL:     10   Next: 27%
Magic:  0/9        EV:  6    Int:  5    God:    Gozag
Gold:   1304       SH: 11    Dex: 11    Spells: 9/9 levels left

rFire    . . .     SeeInvis .   a - +1 war axe
rCold    . . .     Gourm    .   c - +0 kite shield
rNeg     . . .     Faith    .   i - +0 plate armour
rPois    +         Spirit   +   (helmet restricted)
rElec    .         Reflect  .   (no cloak)
rCorr    .         Harm     .   F - +0 pair of gloves
MR       +....                  g - +1 pair of boots
Stlth    ..........             y - amulet of Epilanup {Spirit rPois}
HPRegen  0.25/turn              p - +1 ring of protection
MPRegen  0.11/turn              m - ring of protection from magic

@: no status effects
A: retaliatory headbutt, horns 2
a: Potion Petition, Call Merchant, Bribe Branch, Renounce Religion


You were on level 8 of the Dungeon.
You worshipped Gozag.
Gozag was most pleased with you.
You were not hungry.

You visited 1 branch of the dungeon, and saw 9 of its levels.

You collected 1406 gold pieces.
You paid 102 gold pieces to Gozag.

Inventory:

Hand Weapons
 a - a +1 war axe (weapon)
 l - a +1 hand axe of flaming
   (You found it on level 2 of the Dungeon)
Armour
 c - a +0 kite shield (worn)
 g - a +1 pair of boots (worn)
   (You found it on level 1 of the Dungeon)
 i - a +0 plate armour (worn)
   (You found it on level 2 of the Dungeon)
 k - a +4 scale mail
   (You took it off an orc on level 4 of the Dungeon)
 F - a +0 pair of gloves (worn)
   (You found it on level 9 of the Dungeon)
Jewellery
 m - a ring of protection from magic (right hand)
   (You took it off an orc on level 3 of the Dungeon)
 p - a +1 ring of protection (left hand)
   (You found it on level 7 of the Dungeon)
 y - the amulet of Epilanup (around neck) {Spirit rPois}
   (You found it on level 7 of the Dungeon)

   [amulet of guardian spirit]

   It causes incoming damage to be split between your health and magic.
   It protects you from poison.
Scrolls
 j - 2 scrolls of enchant weapon
 r - 3 scrolls of identify
 s - a scroll of fear
 t - 3 scrolls of teleportation
 u - a scroll of magic mapping
 w - 2 scrolls of immolation {unknown}
 B - a scroll of fog
 E - a scroll of noise {unknown}
Potions
 b - a potion of flight
 d - a potion of might
 f - 2 potions of stabbing
 h - a potion of haste
 n - a potion of berserk rage
 o - 2 potions of degeneration
 q - 3 potions of curing
 v - 3 potions of lignification
 x - a potion of brilliance
 z - a potion of mutation
 A - a potion of invisibility {unknown}
 C - 2 potions of cancellation {unknown}
 D - 2 potions of magic {unknown}
Comestibles
 e - 6 rations


   Skills:
 + Level 8.9 Fighting
 * Level 11.5 Axes
 + Level 9.0 Armour
 + Level 9.0 Shields


You had 9 spell levels left.
You didn't know any spells.
Your spell library was empty.

Dungeon Overview and Level Annotations

Branches:
Dungeon (9/15)             Temple (0/1) D:6            Lair (0/6) D:9
    Orc: D:9-12

Altars:
Ashenzari
Cheibriados
Fedhas
Gozag
Okawaru
Qazlal
Ru
Sif Muna
Uskayaw
Vehumet
Xom
Yredelemnul
Zin
The Shining One

Annotations:
D:4 exclusion: 2 goblins
D:6 3 runed translucent doors, bmj180's ghost, novice DrCj


Innate Abilities, Weirdness & Mutations

You reflexively headbutt those who attack you in melee.
You have a pair of horns on your head.


Message History

You are too injured to fight recklessly!
You are too injured to fight recklessly!
You hit the death yak but do no damage.
The death yak is moderately wounded.
You block the death yak's attack.
You slice the death yak!!
You headbutt the death yak, but do no damage.
The death yak is heavily wounded.
You block the death yak's attack.
Unknown command.
You hit the death yak.
You headbutt the death yak, but do no damage.
The death yak is heavily wounded.
The death yak gores you!
* * * LOW HITPOINT WARNING * * *
Your plate armour prevents you from hitting the death yak.
The death yak is heavily wounded.
The death yak gores you!
You die...
Your body crumbles into a pile of gold.

########...#####.##.......#.....#
# #...# #.#.....##.####### #
#...# #.#.....##.# #
#...#####[......##.####### #
#...#...####...###.#.....# #
#....###.###..####.#.###.# #...##
##............# #.# ########...#
#.)####.###### #.. ...........##
##@.......# ###
.##.##.##..>###Y....##..#
.##.##.#####...##...##..#
....##.######.###....#..#
.#####........# #.......#
.#####.#####..# ##......#
.......##.....# ###.####
..####.......## #.#
.............# #.#


You could see a death yak.

Vanquished Creatures
  2 death yaks
  2 hippogriffs
  Sigmund (D:2)
  A human (D:8)
  3 sky beasts
  2 orc warriors (D:6)
  2 black bears
  A phantom (D:7)
  A necrophage (D:8)
  A hornet zombie (D:7)
  2 ice beasts
  3 ogres
  A big kobold (D:9)
  A scorpion (D:5)
  8 killer bees (D:8)
  4 wights (D:9)
  2 bullfrog zombies
  4 crimson imps
  A quasit (D:7)
  2 jellies
  An orc priest (D:4)
  3 orc wizards (D:6)
  4 hounds
  A bullfrog skeleton (D:9)
  3 iguanas
  Ijyb (D:4)
  6 worker ants
  A killer bee zombie (D:7)
  A hound skeleton (D:4)
  A howler monkey zombie (D:6)
  4 gnolls
  9 adders
  2 shadow imps
  2 oozes
  3 adder skeletons
  A worm (D:2)
  A dart slug (D:2)
  2 leopard geckos
  21 orcs
  2 ball pythons
  A giant cockroach (D:1)
  3 goblins
  6 hobgoblins
  25 jackals
  9 kobolds
  3 quokkas
  7 bats
  7 frilled lizards
  A leopard gecko skeleton (D:9)
  A quokka zombie (D:6)
  6 rats
182 creatures vanquished.

Notes
Turn   | Place    | Note
-------+----------+-------------------------------------------
     0 | D:1      | Flugslaktarn the Minotaur Fighter began the quest for the
                  | Orb.
     0 | D:1      | Reached XP level 1. HP: 19/19 MP: 0/0
    53 | D:1      | Reached XP level 2. HP: 27/27 MP: 1/1
   197 | D:1      | Reached skill level 3 in Axes
   316 | D:1      | Reached XP level 3. HP: 33/33 MP: 2/2
   846 | D:2      | Found a shimmering blue altar of Sif Muna.
   856 | D:2      | Reached XP level 4. HP: 36/40 MP: 3/3
  1016 | D:2      | Noticed Sigmund
  1044 | D:2      | Killed Sigmund
  1044 | D:2      | Reached skill level 5 in Axes
  1044 | D:2      | Reached XP level 5. HP: 35/47 MP: 4/4
  1208 | D:2      | Found a sacrificial altar of Ru.
  1612 | D:3      | Found a glowing golden altar of the Shining One.
  1731 | D:3      | Found a snail-covered altar of Cheibriados.
  1740 | D:3      | Reached XP level 6. HP: 50/55 MP: 5/5
  1856 | D:3      | Found a shimmering altar of Xom.
  1916 | D:3      | Found a blossoming altar of Fedhas.
  2343 | D:4      | Found an opulent altar of Gozag.
  2432 | D:4      | Became a worshipper of Gozag Ym Sagoz the Greedy
  2474 | D:4      | Reached skill level 5 in Shields
  2531 | D:4      | Reached skill level 5 in Armour
  2752 | D:4      | Found a glowing silver altar of Zin.
  2790 | D:4      | Found a basalt altar of Yredelemnul.
  2793 | D:4      | Noticed Ijyb
  2801 | D:4      | Reached skill level 5 in Fighting
  2808 | D:4      | HP: 1/56 [gnoll/+0 flail (7)]
  3190 | D:4      | Killed Ijyb
  3375 | D:4      | Found an iron altar of Okawaru.
  3590 | D:5      | Entered Level 5 of the Dungeon
  3617 | D:5      | Reached skill level 6 in Axes
  3774 | D:5      | Noticed a sky beast
  3809 | D:5      | Killed a sky beast
  3809 | D:5      | Reached XP level 7. HP: 25/61 MP: 6/6
  4142 | D:5      | Reached skill level 7 in Axes
  4759 | D:5      | Reached XP level 8. HP: 69/70 MP: 7/7
  4889 | D:5      | Found a shattered altar of Ashenzari.
  5146 | D:6      | Found a hide-covered altar of Uskayaw.
  5275 | D:6      | Reached skill level 8 in Axes
  5562 | D:6      | Found a runed translucent gate.
  5563 | D:6      | Found a runed translucent gate.
  5564 | D:6      | Found a runed translucent gate.
  5564 | D:6      | Noticed bmj180's ghost (novice DrCj)
  5777 | D:6      | Found a staircase to the Ecumenical Temple.
  6220 | D:7      | Noticed a hippogriff
  6229 | D:7      | Killed a hippogriff
  6229 | D:7      | Reached skill level 9 in Axes
  6374 | D:7      | Got a steaming sapphire amulet
  6416 | D:7      | Reached XP level 9. HP: 77/79 MP: 8/8
  6417 | D:7      | Identified the amulet of Epilanup {Spirit rPois} (You found
                  | it on level 7 of the Dungeon)
  6541 | D:7      | Found a stormy altar of Qazlal.
  7251 | D:8      | Reached skill level 10 in Axes
  7603 | D:8      | Noticed a cyclops
  7964 | D:9      | Found a radiant altar of Vehumet.
  8285 | D:9      | Noticed a death yak
  8286 | D:9      | Noticed a death yak
  8288 | D:9      | Found a staircase to the Lair.
  8289 | D:9      | Noticed a death yak
  8290 | D:9      | Noticed a death yak
  8307 | D:9      | Noticed a death yak
  8313 | D:8      | Killed a death yak
  8313 | D:8      | Reached skill level 11 in Axes
  8313 | D:8      | Reached XP level 10. HP: 37/90 MP: 4/9
  8539 | D:9      | Killed a death yak
  8936 | D:8      | Slain by a death yak

Levels and vault maps discovered:
D:1:      scummos_arrival_star, layout_loops_ring
D:2:      layout_rooms, overflow_temple_1_default, minmay_statues_item,
          minivault_24, kennysheep_nondescript, nicolae_ru_path_of_blood,
          uniq_sigmund
D:3:      layout_loops_ring, lemuel_coloured_pillars_altar, fedhas_altar_3,
          cheibriados_altar_1, nicolae_tso_carved_into_rock
D:4:      layout_loops_corners, nicolae_gozag_cash_rules_everything_around_me,
          zin_academy, lemuel_round_altar, kennysheep_okawaru_gauntlet,
          uniq_ijyb
D:5:      minmay_angry_zag, layout_loops_ring, lemuel_round_altar, first_ration,
          kennysheep_generic_room_5
D:6:      layout_loops_ring, lemuel_round_altar, minmay_temple_entry_hall,
          ebering_ghost_rock_garden, minmay_diced_spiral
D:7:      layout_basic, overflow_temple_1_default
D:8:      layout_loops_cross, grunt_pizzeria, minivault_12
D:9:      layout_loops_ring, dpeg_lair_monsters, basic_altar

Skill      XL: |  1  2  3  4  5  6  7  8  9 10 |
---------------+-------------------------------+-----
Axes           | 3 5 6 7 9 11 | 11.5
Shields        | 4 5 6 7 8 9 |  9.0
Armour         | 4 5 6 7 8 9 |  9.0
Fighting       | 4 5 6 7 8 |  8.9

Action                   |  1- 3 |  4- 6 |  7- 9 | 10-12 || total
-------------------------+-------+-------+-------+-------++-------
Melee: War axe           |    50 |       |   261 |    39 ||   350
       Headbutt          |    10 |    30 |    80 |    14 ||   134
       Hand axe          |    16 |   238 |   116 |       ||   370
  Use: Scroll            |       |    11 |     6 |     2 ||    19
       Potion            |       |     6 |       |       ||     6
 Stab: Distracted        |       |       |     1 |       ||     1
  Eat: Ration            |       |     2 |     5 |     1 ||     8
       Chunk             |       |     1 |       |       ||     1
Armor: Scale mail        |    44 |    16 |       |       ||    60
       Plate armour      |       |   120 |   203 |     8 ||   331
Dodge: Dodged            |    21 |    37 |    73 |     4 ||   135
Block: Kite shield       |    36 |   109 |   185 |    13 ||   343

Table legend:
 A = Non-vault XP
 B = Vault XP
 C = Vault XP percentage of total XP
 D = Non-vault monster count
 E = Vault monster count
 F = Vault count percentage of total count
                 A         B        C        D         E       F
            +---------+---------+-------+---------+---------+-------
      Total |    4483 |    2568 |  36.4 |     167 |      15 |   8.2
            +---------+---------+-------+---------+---------+-------
        D:1 |      56 |       0 |   0.0 |      24 |       0 |   0.0
        D:2 |      65 |     231 |  78.0 |      23 |       1 |   4.2
        D:3 |      41 |       0 |   0.0 |      12 |       0 |   0.0
        D:4 |     261 |      36 |  12.1 |      27 |       1 |   3.6
        D:5 |     500 |     265 |  34.6 |      14 |       8 |  36.4
        D:6 |     809 |     145 |  15.2 |      20 |       2 |   9.1
        D:7 |     899 |       0 |   0.0 |      15 |       0 |   0.0
        D:8 |    1030 |    1030 |  50.0 |      19 |       2 |   9.5
        D:9 |     822 |     861 |  51.2 |      13 |       1 |   7.1
            +---------+---------+-------+---------+---------+-------
